 Dungeon Crawl Stone Soup version 0.24.1 (webtiles) character file.

Game seed: 9442685720995182100, levelgen mode: deterministic

13 Descartes the Grasshopper (level 2, 0/26 HPs)
             Began as a Naga Warper on Mar 26, 2020.
             Slain by a kobold
             ... wielding a +0 dagger
              (2 damage)
             ... on level 1 of the Dungeon.
             The game lasted 00:01:45 (270 turns).

Descartes the Grasshopper (Naga Warper)              Turns: 270, Time: 00:01:46

Health: 0/26       AC:  2    Str: 13    XL:     2   Next: 37%
Magic:  5/5        EV:  9    Int: 13    God:
Gold:   0          SH:  0    Dex: 10    Spells: 5/5 levels left

rFire    . . .     SeeInvis +   a - +0 spear
rCold    . . .     Gourm    .   (no shield)
rNeg     . . .     Faith    .   b - +0 leather armour
rPois    +         Spirit   .   (no helmet)
rElec    .         Reflect  .   (no cloak)
rCorr    .         Harm     .   (no gloves)
MR       .....                  (no barding)
Stlth    +.........             (no amulet)
HPRegen  0.08/turn              (no ring)
MPRegen  0.09/turn              (no ring)

@: very slow
A: large, see invisible, deformed body, poison resistance, slowness 2, slow
metabolism 1, spit poison 1, AC +0
a: Spit Poison


You were on level 1 of the Dungeon.
You were not hungry.

You visited 1 branch of the dungeon, and saw 1 of its levels.

Inventory:

Hand Weapons
 a - a +0 spear (weapon)
Missiles
 e - 5 boomerangs of dispersal (quivered)
Armour
 b - a +0 leather armour (worn)
Scrolls
 c - a scroll of identify {unknown}
 d - a scroll of blinking
Comestibles
 f - a ration
 g - 3 chunks of flesh


   Skills:
 + Level 2.1 Fighting
 + Level 2.1 Polearms
 - Level 0.8 Throwing
 + Level 1.0 Armour
 + Level 1.8 Dodging
 + Level 1.1 Stealth
 + Level 2.1 Spellcasting
   Level 3.0 Translocations


You had 5 spell levels left.
You didn't know any spells.
Your spell library contained the following spells:

 Spells                   Type           Power        Failure   Level  Hunger
 Blink                    Tloc           N/A          14%         2    ###....
 Shroud of Golubria       Chrm/Tloc      #.....       26%         2    ###....
 Gell's Gravitas          Tloc           #.........   28%         3    ####...
 Lesser Beckoning         Tloc           #.........   28%         3    ####...
 Teleport Other           Tloc           #.......     28%         3    ####...
 Passage of Golubria      Tloc           N/A          67%         4    #####..


Dungeon Overview and Level Annotations

Branches:
Dungeon (1/15)

Altars:


Innate Abilities, Weirdness & Mutations

You cannot wear boots.
Your serpentine skin is tough. (AC +0)
You have supernaturally acute eyesight. (SInv)
Armour fits poorly on your strangely shaped body.
Your system is resistant to poisons. (rPois)
You cover ground very slowly.
You have a slow metabolism.
You can spit poison.


Message History

The kobold throws a stone.
The stone hits you.
* * * LOW HITPOINT WARNING * * *
The kobold throws a stone.
The stone hits you but does no damage.
You see here 2 stones.
You are too injured to fight recklessly!
You swing at nothing.
You have got your breath back.
You barely miss the kobold. The kobold hits you with a +0 dagger.
* * * LOW HITPOINT WARNING * * *
You closely miss the kobold. The kobold hits you with a +0 dagger.
* * * LOW HITPOINT WARNING * * *
You closely miss the kobold. The kobold hits you with a +0 dagger.
* * * LOW HITPOINT WARNING * * *
Your leather armour prevents you from hitting the kobold.
The kobold hits you but does no damage.
You closely miss the kobold. The kobold barely misses you.
You hit the kobold.
The kobold is severely wounded.
The kobold hits you with a +0 dagger.
You die...

##.#.##.....#...#.......
#>...+.....'...#.......
#.#.##.....#...#.......
#.#.##.....#...#.......
#..........+...'.......
#.#.########...########
..#.# # ###.#####
....####(....####
.......).@K.....#
...........†.....
.................
.................
..$)#####+##+###. ....
... ..


You could see a kobold.

Vanquished Creatures
  A dart slug (D:1)
  A leopard gecko (D:1)
  A giant cockroach (D:1)
  3 goblins (D:1)
  A hobgoblin (D:1)
  A frilled lizard (D:1)
  A kobold (D:1)
  A rat (D:1)
10 creatures vanquished.

Notes
Turn   | Place    | Note
-------+----------+-------------------------------------------
     0 | D:1      | Descartes the Naga Warper began the quest for the Orb.
     0 | D:1      | Reached XP level 1. HP: 19/19 MP: 3/3
   230 | D:1      | Reached XP level 2. HP: 23/26 MP: 5/5
   244 | D:1      | Reached skill level 1 in Stealth
   249 | D:1      | Reached skill level 1 in Armour
   267 | D:1      | HP: 1/26 [kobold/+0 dagger (1)]
   270 | D:1      | Slain by a kobold

Levels and vault maps discovered:
D:1:      saegor_arrival_simple_d, layout_basic

Skill      XL: |  1  2 |
---------------+-------+-----
Stealth        | 1 |  1.1
Armour         | 1 |  1.0
Fighting       | |  2.1
Polearms       | |  2.1
Throwing       | |  0.8
Dodging        | |  1.8
Spellcasting   | |  2.1
Translocations | |  3.0

Action                   || total
-------------------------++-------
Melee: Spear             ||    32
 Abil: Spit Poison       ||     4
Armor: Leather armour    ||     1
Dodge: Dodged            ||    10
